 Dungeon Crawl Stone Soup version 0.29.1-1-gd02db6906a (webtiles) character file.

Game seed: 6715073145463412054

81 Gabide the Grave Robber (level 4, -2/32 HPs)
             Began as a Mummy Necromancer on Oct 7, 2022.
             Slain by a gnoll
             ... wielding a +0 club
              (3 damage)
             ... on level 2 of the Dungeon.
             The game lasted 00:03:20 (1392 turns).

Gabide the Grave Robber (Mummy Necromancer)         Turns: 1392, Time: 00:03:20

Health: -2/32      AC:  3    Str: 11    XL:     4   Next: 19%
Magic:  0/8        EV: 12    Int: 16    God:
Gold:   43         SH:  0    Dex: 12    Spells: 5/9 levels left

rFire   x . .      SeeInvis .   i - +2 whip (freeze)
rCold   + . .      Faith    .   (no shield)
rNeg    + + +      Spirit   .   a - +1 robe
rPois   ∞          Reflect  .   (no helmet)
rElec   .          Harm     .   (no cloak)
rCorr   .          Rampage  .   (no gloves)
Will    .....                   (no boots)
Stlth   ++........              (no amulet)
HPRegen 0.10/turn               (no ring)
MPRegen 0.11/turn               (no ring)

@: about to teleport
A: cold resistance 1, negative energy resistance 3, torment resistance 2, heat
vulnerability 1, in touch with death 1, no potions
a: no special abilities


You were on level 2 of the Dungeon.
You visited 1 branch of the dungeon, and saw 3 of its levels.

You collected 43 gold pieces.

Inventory:

Hand Weapons
 i - a +2 whip of freezing (weapon)
Missiles
 c - 3 poisoned darts
Armour
 a - a +1 robe (worn)
 g - an orb of light
Jewellery
 j - the amulet of Utaatutroy {RegenMP *Slow +Blink rPois Int+4}
   (You found it on level 2 of the Dungeon)

   [amulet of magic regeneration]

   It increases your rate of magic regeneration.
   Int:       It affects your intelligence (+4).
   rPois:     It protects you from poison.
   +Blink:    It lets you blink.
   *Slow:     It may slow you when you take damage.
Wands
 e - a wand of digging (6)
Scrolls
 b - a scroll of vulnerability {unknown}
 d - a scroll of enchant armour
 h - a scroll of fog {unknown}
 k - 2 scrolls of enchant weapon


   Skills:
 + Level 1.0 Fighting
 - Level 2.0 Dodging
 - Level 2.0 Stealth
 + Level 0.4 Unarmed Combat
 - Level 3.0 Spellcasting
 - Level 5.0 Necromancy


You had 5 spell levels left.
You knew the following spells:

 Your Spells              Type           Power      Damage    Failure   Level
a - Necrotise             Necr           100%       1d9       2%          1
b - Vampiric Draining     Necr           27%        2d7       7%          3

Your spell library contained the following spells:

 Spells                   Type           Power      Damage    Failure   Level
 Slow                     Hex            8%         N/A       19%         1
 Sting                    Tmut/Pois      8%         1d3       19%         1
 Animate Dead             Necr           27%        N/A       24%         4
 Poisonous Vapours        Pois/Air       4%         N/A       28%         2
 Confusing Touch          Hex            2%         N/A       50%         3
 Agony                    Necr           27%        N/A       54%         5
 Olgreb's Toxic Radiance  Pois           2%         N/A       88%         4


Dungeon Overview and Level Annotations

Branches:
Dungeon (3/15)

Altars:


Innate Abilities, Weirdness & Mutations

You are immune to poison.
Your flesh is cold resistant. (rC+)
You are immune to negative energy. (rN+++)
You are immune to unholy pain and torment.
You are vulnerable to heat. (rF-)
You are in touch with the powers of death.
You do not drink.


Message History

You hit the gnoll but do no damage.
The gnoll is moderately wounded.
The gnoll hits you from afar with a +0 spear.
The gnoll misses you.
You hit the gnoll but do no damage.
The gnoll is moderately wounded.
The gnoll closely misses you. x2
You hit the gnoll. You freeze the gnoll.
The gnoll is severely wounded.
The gnoll hits you from afar with a +0 spear.
* * * LOW HITPOINT WARNING * * *
The gnoll barely misses you.
You closely miss the gnoll.
The gnoll is severely wounded.
The gnoll hits you from afar with a +0 spear.
* * * LOW HITPOINT WARNING * * *
The gnoll barely misses you.
Aiming: Necrotise (safe; 2% risk of failure)
Press: ? - help, Q - select action, (/) - cycle Shift-Dir - straight line, f/p - gnoll
Aim: a gnoll, wielding a +0 whip (severely wounded, chance to affect: 88%)
You feel a surge of power!
The gnoll writhes in agony!
You kill the gnoll!
The dead are walking!
The gnoll misses you.
Your Fighting skill increases to level 1!
You see here 12 gold pieces.
You can't drink.
You hit the gnoll. You freeze the gnoll.
The gnoll is lightly wounded.
Your gnoll skeleton closely misses the gnoll.
The gnoll hits you with a +0 club.
* * * LOW HITPOINT WARNING * * *
As you read the scroll of teleportation, it crumbles to dust.
You feel strangely unstable.
Your gnoll skeleton hits the gnoll.
The gnoll barely misses you.
You hit the gnoll. You freeze the gnoll.
The gnoll is severely wounded.
The gnoll hits you from afar with a +0 spear.
* * * LOW HITPOINT WARNING * * *
The gnoll hits you with a +0 club.
You die...

#.. #.###### #)#
##.########
####.###..........
...........#######
.....##.####
###.....# #.....##
###### ....##.#
###.##Z##
....##.###...##g@#
##.....†...##.g###
#..###....###..#
..# ##......##..#
.. ##..)#.# .## ?.
##.†......
...##$....#
....####...#
......# ####


You could see 2 gnolls and a friendly gnoll skeleton.

Vanquished Creatures
  2 gnolls (D:2)
  An adder (D:2)
  2 worms (D:2)
  2 ball pythons
  7 endoplasms
  3 giant cockroaches (D:1)
  2 goblins (D:1)
  2 hobgoblins
  A quokka (D:1)
  2 bats (D:1)
  4 frilled lizards (D:1)
  3 kobolds
  6 rats
37 creatures vanquished.

Vanquished Creatures (collateral kills)
  An adder (D:2)
1 creature vanquished.

Grand Total: 38 creatures vanquished

Notes
Turn   | Place    | Note
-------+----------+-------------------------------------------
     0 | D:1      | Gabide the Mummy Necromancer began the quest for the Orb.
     0 | D:1      | Reached XP level 1. HP: 13/13 MP: 4/4
   279 | D:1      | Reached XP level 2. HP: 19/19 MP: 4/6
   616 | D:1      | Found a faded altar of an unknown god.
   939 | D:2      | Gained mutation: You are in touch with the powers of death.
                  | [Mummy growth]
   939 | D:2      | Reached XP level 3. HP: 24/24 MP: 4/7
  1042 | D:2      | You fall into a shaft and drop 1 floor!
  1101 | D:3      | Learned a level 3 spell: Vampiric Draining
  1178 | D:2      | Identified the amulet of Utaatutroy {RegenMP *Slow +Blink
                  | rPois Int+4}
  1189 | D:2      | Reached skill level 5 in Necromancy
  1369 | D:2      | Reached XP level 4. HP: 31/31 MP: 1/8
  1389 | D:2      | Reached skill level 1 in Fighting
  1390 | D:2      | HP: 1/32 [gnoll/+0 club (3)]
  1392 | D:2      | Slain by a gnoll

Illustrated notes

Levels and vault maps discovered:
D:1:      mrwooster_arrival_statue_2, layout_rooms,
          hellmonk_ecumenical_altar_lost_god, minmay_misc_feat_x
D:2:      layout_rooms, st_stairs_7
D:3:      layout_basic, palyth_temple_overflow_mages,
          nicolae_qazlal_general_emergency, elyvilon_altar_3, serial_shops,
          nicolae_shop_behind_doors, nicolae_grassy_gnolls

Skill      XL: |  1  2  3  4 |
---------------+-------------+-----
Spellcasting   | 3 |  3.0
Necromancy     | 5 |  5.0
Dodging        | 2 |  2.0
Stealth        | 2 |  2.0
Fighting       | 1 |  1.0
Unarmed Combat | |  0.4

Action                   |  1- 3 |  4- 6 || total
-------------------------+-------+-------++-------
Melee: Unarmed           |    20 |       ||    20
       Whip              |       |     8 ||     8
 Cast: Necrotise         |    74 |     3 ||    77
  Use: Scroll            |     3 |     1 ||     4
Armor: Robe              |     5 |     1 ||     6
Dodge: Dodged            |    25 |    11 ||    36
